 Dungeon Crawl Stone Soup version 0.32-a0-938-g40ac7a0 (webtiles) character file.

Game seed: 12970202180273642844

196 Dorkslayer the Trooper (level 5, -5/37 HPs)
             Began as an Octopode Fighter on Apr 17, 2024.
             Slain by an orc
             ... wielding a +0 mace
              (7 damage)
             ... on level 3 of the Dungeon.
             The game lasted 00:05:00 (1786 turns).

Dorkslayer the Trooper (Octopode Fighter)           Turns: 1786, Time: 00:05:01

Health: -5/37      AC:  1    Str: 17    XL:     5   Next: 75%
Magic:  5/5        EV:  2    Int: 11    God:
Gold:   175        SH:  4    Dex: 11    Spells: 4/4 levels left

rFire   . . .        a - +0 war axe
rCold   . . .        b - +0 buckler
rNeg    + . .        (helmet restricted)
rPois   .            (no amulet)
rElec   .            h - ring of positive energy
rCorr   .            g - ring of flight
SInv    .            (no ring)
Will    .....        (no ring)
Stlth   +++          (no ring)
HPRegen 0.26/turn    (no ring)
MPRegen 0.09/turn    (no ring)
                     (no ring)

%: no passive effects
@: flying, constricted
A: almost no armour, amphibious, 8 rings, camouflage 1, gelatinous body 1,
(nimble swimmer 1), tentacles
a: no special abilities


You were on level 3 of the Dungeon.
You visited 1 branch of the dungeon, and saw 3 of its levels.

You collected 175 gold pieces.

Inventory:

Hand Weapons
 a - a +0 war axe (weapon)
Armour
 b - a +0 buckler (worn)
Jewellery
 g - a ring of flight (right tentacle)
 h - a ring of positive energy (left tentacle)
Scrolls
 d - 2 scrolls of teleportation
 f - a scroll of fog {unknown}
 k - a scroll of enchant weapon {unknown}
 l - 2 scrolls of identify {unknown}
 m - a scroll of vulnerability
 n - a scroll of blinking {unknown}
Potions
 c - a potion of enlightenment {unknown}
 e - 2 potions of berserk rage {unknown}
 i - a potion of haste
 j - a potion of cancellation {unknown}
 o - a potion of magic {unknown}


   Skills:
 + Level 4.1 Fighting
 + Level 3.5 Axes
 + Level 3.7 Dodging
 + Level 3.1 Stealth
 + Level 3.2 Shields


You had 4 spell levels left.
You didn't know any spells.
Your spell library contained the following spells:

 Spells                   Type           Power      Damage    Failure   Level
 Cigotuvi's Dreadful Rot  Necr/Alch/Air  0%         N/A       56%         2
 Dispel Undead            Necr           0%         3d6       99%         4
 Martyr's Knell           Necr/Summ      0%         N/A       99%         4


Dungeon Overview and Level Annotations

Branches:
Dungeon (3/15)

Altars:
Sif Muna
Trog


Innate Abilities, Weirdness & Mutations

You cannot wear most types of armour.
You are amphibious.
You can wear up to eight rings at the same time.
Your skin changes colour to match your surroundings (Stealth+).
Your rubbery body absorbs attacks. (AC +1, EV +1)
((You are camouflaged when in or above water. (Stealth+)))
You have tentacles for arms and can constrict up to eight enemies at once.


Message History

The goblin barely misses you.
There is an open door here.
A ball python and an endoplasm come into view.
The goblin barely misses you.
You hit the goblin. You grab the goblin.
The goblin is heavily wounded.
You constrict the goblin.
You kill the goblin!
The orc shouts!
The rat squeaks loudly.
The endoplasm quivers.
The ball python hisses angrily.
You see here a +0 club.
Found 11 gold pieces and a red potion.
The ball python bites you. The ball python closely misses you.
The rat closely misses you. You block the orc's attack.
You hit the jelly.
Your tentacles burn!
Your squeeze misses the jelly.
The jelly is moderately wounded.
You hit the orc. You barely miss the ball python. You barely miss the rat.
The ball python closely misses you. The ball python grabs you.
The ball python constricts you. The orc hits you with a +0 mace.
The rat bites you.
The ball python bites you but does no damage.
The ball python constricts you. The jelly hits you.
You are splashed with acid!
The orc hits you with a +0 mace. You block the rat's attack.
The ball python's grasp on you weakens, but your attempt to escape fails.
The ball python bites you. The ball python constricts you.
The jelly hits you but does no damage. The orc hits you with a +0 mace.
* * * LOW HITPOINT WARNING * * *
The rat bites you.
* * * LOW HITPOINT WARNING * * *
The ball python's grasp on you weakens, but your attempt to escape fails.
The ball python bites you but does no damage.
The ball python constricts you.
* * * LOW HITPOINT WARNING * * *
The jelly hits you.
* * * LOW HITPOINT WARNING * * *
You are splashed with acid.
* * * LOW HITPOINT WARNING * * *
The orc hits you with a +0 mace!
You die...

# # ###.....### ..
#.#.........#
##.#.#.#..#..#.#
.........###...#
..##.#.##!##..##
#....#.#....##
#...#.##.##.#..##
#....##'#.S.####..#
##..##?.)@JJ..[##.#
##..####or.####..#
# ..# ##.##.#..##
... .#....## #.#
$##.### #..###..#
#..#..## #...##
##..#####


You could see a jelly, an orc, an endoplasm, a ball python and a rat.

Vanquished Creatures
  A bombardier beetle (D:3)
  8 gnolls (D:2)
  3 adders (D:2)
  A dart slug (D:1)
  6 ball pythons
  16 bats
  6 endoplasms
  4 goblins
  3 hobgoblins
  2 quokkas (D:1)
  3 frilled lizards
  4 kobolds
  7 rats
  A spectral goblin (D:1)
65 creatures vanquished.

Notes
Turn   | Place    | Note
-------+----------+-------------------------------------------
     0 | D:1      | Dorkslayer the Octopode Fighter began the quest for the
                  | Orb.
     0 | D:1      | Reached XP level 1. HP: 16/16 MP: 1/1
   226 | D:1      | Reached XP level 2. HP: 15/21 MP: 2/2
   280 | D:1      | Found a faded altar of an unknown god.
   694 | D:1      | Reached XP level 3. HP: 25/26 MP: 3/3
   876 | D:2      | Reached skill level 1 in Stealth
   987 | D:2      | Reached XP level 4. HP: 28/31 MP: 4/4
  1038 | D:2      | Reached skill level 4 in Fighting
  1038 | D:2      | Reached XP level 5. HP: 37/37 MP: 5/5
  1606 | D:3      | Identified the +5 long sword of the Ecumenical Temple
                  | {vamp, rPois rN+ Int+2 Stlth-}
  1688 | D:3      | Found a bloodstained altar of Trog.
  1692 | D:3      | Found a shimmering blue altar of Sif Muna.
  1786 | D:3      | Slain by an orc

Illustrated notes

Levels and vault maps discovered:
D:1:      onia_arrival_handbag, layout_basic,
          dreamdust_ecumenical_altar_drowned_temple
D:2:      layout_basic
D:3:      layout_loops_cross, hellmonk_overflow_destroyed_library,
          nicolae_dithmenos_the_darkroom, roderic_batcave, serial_bayou_pond_a,
          dreamdust_mushroom_princess, minmay_fractal_squares_gapless_5

Skill      XL: |  1  2  3  4  5 |
---------------+----------------+-----
Stealth        | 1 3 |  3.1
Axes           | 3 |  3.5
Fighting       | 4 |  4.1
Dodging        | |  3.7
Shields        | |  3.2

Action                     |  1- 3 |  4- 6 || total
---------------------------+-------+-------++-------
  Melee: War axe           |    56 |    41 ||    97
         Constrict         |    14 |     6 ||    20
         Tentacles         |     8 |     7 ||    15
    Use: Scroll            |     3 |       ||     3
         Potion            |     1 |     3 ||     4
   Stab: Sleeping          |     6 |    10 ||    16
         Distracted        |     1 |       ||     1
 Armour: Skin              |    32 |    42 ||    74
  Dodge: Dodged            |    23 |    29 ||    52
  Block: Buckler           |    12 |    13 ||    25

Table legend: (Time is in decaauts)
 A = Elapsed time spent in this place.
 B = Non-inter-level travel time spent in this place.
 C = Inter-level travel time spent in this place.
 D = Time resting spent in this place.
 E = Time spent auto-exploring this place.
 F = Levels seen in this place.
 G = Mean time per level.
                   A        B        C        D        E       F      G
               +--------+--------+--------+--------+--------+-----+--------+
         Total |   1803 |   1803 |      0 |      0 |    966 |   3 |  601.0 |
       Dungeon |   1803 |   1803 |      0 |      0 |    966 |   3 |  601.0 |
               +--------+--------+--------+--------+--------+-----+--------+

Top non-repeatable levels by time:
     D:2: 767 daAuts
     D:1: 763 daAuts
     D:3: 271 daAuts
